 Dungeon Crawl Stone Soup version 0.29.1-15-g9cfb28693d (webtiles) character file.

Game seed: 12663496616902233625

10 hawla the Chiller (level 2, -1/20 HPs)
             Began as a Meteoran Ice Elementalist on Apr 13, 2023.
             Slain by an orc
             ... wielding a +1 vorpal falchion
              (4 damage)
             ... on level 2 of the Dungeon.
             The game lasted 00:00:58 (151 turns).

hawla the Chiller (Meteoran Ice Elementalist)        Turns: 151, Time: 00:00:59

Health: -1/20      AC:  2    Str:  9    XL:     2   Next: 47%
Magic:  6/6        EV: 12    Int: 16    God:
Gold:   29         SH:  0    Dex: 14    Spells: 5/6 levels left

rFire   . . .      SeeInvis .   (no weapon)
rCold   . . .      Faith    .   (no shield)
rNeg    . . .      Spirit   .   a - +0 robe
rPois   .          Reflect  .   (no helmet)
rElec   .          Harm     .   (no cloak)
rCorr   .          Rampage  .   (no gloves)
Will    +....                   (no boots)
Stlth   +.........              (no amulet)
HPRegen 0.06/turn               c - ring of willpower
MPRegen 0.10/turn               (no ring)

@: glowing
A: sense surroundings 1, otherworldly, glowing, explore regen
a: no special abilities


You were on level 2 of the Dungeon.
You visited 1 branch of the dungeon, and saw 3 of its levels.

You collected 29 gold pieces.

Inventory:

Armour
 a - a +0 robe (worn)
Jewellery
 c - a ring of willpower (left hand)
Scrolls
 d - 4 scrolls of identify {unknown}


   Skills:
 + Level 2.5 Dodging
 - Level 1.4 Stealth
 + Level 2.8 Spellcasting
 + Level 4.9 Ice Magic


You had 5 spell levels left.
You knew the following spells:

 Your Spells              Type           Power      Damage    Failure   Level
a - Freeze                Ice            68%        1d8       2%          1

Your spell library contained the following spells:

 Spells                   Type           Power      Damage    Failure   Level
 Frozen Ramparts          Ice            34%        1d6       8%          3
 Ozocubu's Armour         Ice            17%        N/A       8%          3
 Gell's Gravitas          Tloc           2%         N/A       50%         3
 Lesser Beckoning         Tloc           2%         N/A       50%         3
 Teleport Other           Tloc           2%         N/A       50%         3
 Hailstorm                Conj/Ice       10%        3d5       56%         4


Dungeon Overview and Level Annotations

Branches:
Dungeon (3/15) Zot: 1648

Altars:

Annotations:
D:3 Jessica


Innate Abilities, Weirdness & Mutations

You passively map a small area around you.
You are easily found by Zot.
You glow in the dark.
You regain HP and MP as you explore.


Message History

Confirm with . or Enter, or press ? or * to list all spells.
Aiming: Freeze (safe; 2% risk of failure)
Press: ? - help, Shift-Dir - straight line, f/p - orc
Aim: an orc, wielding a +0 whip and wearing a +0 ring mail (almost dead)
You freeze the orc!
You kill the orc!
The orc barely misses you. The orc hits you but does no damage.
You climb upwards.
There is a stone staircase leading down here.
Casting: Freeze (safe; 2% risk of failure)
Confirm with . or Enter, or press ? or * to list all spells.
Aiming: Freeze (safe; 2% risk of failure)
Press: ? - help, Shift-Dir - straight line, f - orc
Aim: an orc, wielding a +0 dagger You freeze the orc.
The orc is lightly wounded.
The orc hits you with a +1 vorpal falchion.
The orc barely misses you.
Casting: Freeze (safe; 2% risk of failure)
Confirm with . or Enter, or press ? or * to list all spells.
Aiming: Freeze (safe; 2% risk of failure)
Press: ? - help, Shift-Dir - straight line, f/p - orc
Aim: an orc, wielding a +0 dagger (lightly wounded)
You freeze the orc.
The orc is severely wounded.
The orc hits you with a +1 vorpal falchion.
The orc barely misses you.
Casting: Freeze (safe; 2% risk of failure)
Confirm with . or Enter, or press ? or * to list all spells.
Aiming: Freeze (safe; 2% risk of failure)
Press: ? - help, Shift-Dir - straight line, f/p - orc
Aim: an orc, wielding a +0 dagger (severely wounded)
You freeze the orc.
The orc is severely wounded.
The orc closely misses you.
The orc hits you with a +1 vorpal falchion!
* * * LOW HITPOINT WARNING * * *
x2 Magic courses through your body.
The orc barely misses you.
The orc hits you with a +1 vorpal falchion.
You die...

* * #### #..,
,, , #.# ,
####.#, * **#,
....#, ,
...##.####oo#,
,
.......<...@#
....###.#...#
, # ,
...#...#, ,
#.........
.....#.#.###,
, .####.#.#..
.,* #.#.#.## ,
, , #.#.... *


You could see 2 orcs.

Vanquished Creatures
  An orc (D:3)
  A ball python (D:1)
  A hobgoblin (D:1)
  3 jackals (D:1)
  A quokka (D:2)
7 creatures vanquished.

Notes
Turn   | Place    | Note
-------+----------+-------------------------------------------
     0 | D:1      | hawla the Meteoran Ice Elementalist began the quest for the
                  | Orb.
     0 | D:1      | Reached XP level 1. HP: 14/14 MP: 5/5
   114 | D:1      | Reached XP level 2. HP: 20/20 MP: 3/6
   143 | D:3      | Noticed Jessica
   151 | D:2      | Slain by an orc

Illustrated notes

Levels and vault maps discovered:
D:1:      wheals_arrival_linesprint, layout_rooms
D:2:      layout_basic, uniq_terence
D:3:      layout_rooms, minitemple, shapermc_ecumenical_altar_mp_ritualfount,
          serial_shops, nicolae_diamond_shop, solitary_fountain,
          chequers_serial_rivers_room_a, uniq_crazy_yiuf_cottage, uniq_jessica

Action                   || total
-------------------------++-------
 Cast: Freeze            ||    11
  Use: Potion            ||     1
Armor: Robe              ||     1
Dodge: Dodged            ||     9
